Map: 赛博森林-天梯版

Players

Lambo - Winner!

  • Race: Zerg Zerg
  • League: Gold

Lobo

  • Race: Protoss Protoss

Event: WESG 2018 Grand Finals

VOD

Have the link to the VOD?

Description

Time

  • Played on: March 11, 2019, 7:09 a.m.
  • Length: 10:20

All games in this series

Show
View Real Time Build Order
Export as new Build Order

Lambo Zerg - Winner!

Build Orders: Hatch First 

Get SALT Encoding   

  12  0:01  Drone  
  13  0:12  Overlord  
  13  0:17  Drone  
  14  0:30  Drone  
  15  0:43  Drone  
  15  0:48  Hatchery  
  15  0:51  Drone  
  15  0:55  Drone  
  17  0:59  Drone  
  18  1:09  Extractor  
  17  1:14  Spawning Pool  
  17  1:17  Drone  
  17  1:21  Drone  
  18  1:28  Drone  
  19  1:39  Drone  
  20  1:51  Overlord  
  20  2:01  Queen x2  
  22  2:02  Zergling x4  
  26  2:13  Drone x2  
  30  2:22  Drone x2  
  30  2:35  Hatchery  
  29  2:40  Drone  
  29  2:41  Drone  
  31  2:47  Drone  
  31  2:51  Overlord  
  31  2:54  Queen  
  31  2:58  Drone  
  34  3:02  Drone  
  35  3:11  Drone  
  35  3:12  Drone x4  
  40  3:14  Overlord  
  40  3:15  Drone  
  40  3:16  Drone  
  42  3:21  Lair  
  42  3:23  Drone  
  43  3:28  Overlord  
  43  3:33  Roach Warren  
  42  3:35  Extractor  
  42  3:37  Extractor  
  42  3:38  Drone x2  
  42  3:43  Drone  
  42  3:47  Drone x3  
  42  3:48  Drone  
  47  3:51  Drone  
  47  3:55  Drone  
  49  4:00  Overlord  
  49  4:02  Drone  
  50  4:05  Drone  
  51  4:13  Overlord  
  51  4:14  Roach x3  
  57  4:18  Drone  
  57  4:19  Roach x2  
  57  4:21  Overseer  
  62  4:25  Roach, Glial Reconstitution  
  62  4:27  Overseer  
  64  4:33  Roach  
  64  4:34  Roach x2  
  70  4:40  Overlord, Roach  
  70  4:44  Overlord  
  72  4:48  Overseer  
  72  4:50  Drone  
  72  4:51  Overlord  
  73  4:53  Overlord  
  73  4:55  Overlord  
  73  4:59  Overlord  
  73  5:01  Overseer  
  73  5:02  Roach x2  
  73  5:05  Roach  
  79  5:10  Drone x2  
  79  5:13  Roach x2  
  85  5:15  Drone x2  
  85  5:18  Drone x2  
  85  5:19  Evolution Chamber  
  85  5:20  Drone  
  89  5:32  Roach x2  
  89  5:33  Roach  
  87  5:45  Roach x2  
  87  5:49  Roach x2  
  94  5:50  Drone x4  
  95  6:00  Roach x3, Drone x6  
  95  6:01  Drone, Zerg Missile Weapons Level 1  
  95  6:03  Metabolic Boost  
  95  6:04  Extractor  
  107  6:05  Extractor  
  107  6:07  Queen, Drone  
  109  6:11  Roach  
  109  6:12  Roach  
  109  6:16  Roach x3  
  118  6:22  Baneling Nest  
  118  6:23  Extractor  
  116  6:27  Roach x2  
  116  6:28  Roach  
  122  6:35  Overlord  
  122  6:37  Overlord  
  122  6:38  Overlord  
  122  6:43  Overlord  
  116  6:51  Drone x2  
  116  6:53  Roach x4  
  126  6:54  Ravager  
  126  6:56  Overlord  
  126  6:57  Roach  
  126  7:03  Ravager  
  126  7:05  Roach x6  
  139  7:10  Overlord  
  139  7:11  Roach x2  
  143  7:16  Ravager  
  143  7:20  Roach x2  
  143  7:21  Ravager x2  
  154  7:23  Roach x4  
  160  7:30  Roach x2  
  160  7:36  Overlord x2  
  162  7:38  Overlord  
  162  7:39  Overlord  
  162  7:45  Overlord  
  162  7:48  Overlord  
  162  7:53  Overlord  
  162  8:00  Roach x11  
  162  8:04  Centrifical Hooks  
  184  8:09  Roach x2  
  188  8:15  Ravager x2  
  190  8:30  Zergling x20  
  200  8:39  Overlord  
  198  8:48  Roach x9  
  198  8:49  Baneling x13  
  198  8:50  Baneling  
  198  8:53  Baneling x3  
  180  8:59  Roach x4  
  185  9:07  Roach x4  
  179  9:12  Roach x2  
  166  9:17  Roach x2  
  151  9:26  Roach x3  
Show
View Real Time Build Order
Export as new Build Order

Lobo Protoss 

Build Orders: 1 Gate Expand, Archon Immortal, Archon Drop, Dark Templar Rush 

Get SALT Encoding   

  12  0:00  Probe  
  13  0:12  Probe  
  14  0:19  Pylon  
  14  0:25  Probe  
  15  0:33  Probe  
  15  0:42  Probe  
  16  0:43  Gateway  
  16  0:47  Assimilator  
  17  0:51  Probe  
  18  1:03  Probe  
  19  1:15  Probe  
  20  1:25  Nexus  
  20  1:36  Cybernetics Core  
  20  1:38  Probe  
  21  1:45  Assimilator  
  21  1:50  Probe  
  22  1:54  Pylon  
  22  2:02  Adept, Probe  
  23  2:15  Probe  
  26  2:19  Twilight Council  
  26  2:27  Probe  
  27  2:33  Warp Gate  
  27  2:34  Stalker  
  27  2:35  Probe  
  29  2:39  Probe  
  29  2:43  Probe  
  30  2:47  Probe  
  31  2:51  Probe  
  31  2:54  Robotics Facility  
  31  2:57  Probe  
  33  3:03  Probe  
  35  3:09  Probe  
  35  3:12  Gateway  
  36  3:15  Probe  
  37  3:21  Probe  
  38  3:27  Probe  
  38  3:32  Warp Prism  
  38  3:33  Probe  
  40  3:40  Probe  
  41  3:45  Probe  
  41  3:47  Pylon  
  41  3:48  Assimilator  
  44  3:50  Assimilator  
  44  3:51  Dark Shrine  
  44  3:52  Probe  
  45  3:58  Probe  
  45  4:00  Warp Prism  
  46  4:04  Gateway  
  46  4:05  Probe, Gateway  
  47  4:12  Probe  
  50  4:18  Pylon  
  50  4:22  Probe  
  51  4:24  Probe  
  51  4:26  Pylon  
  51  4:30  Zealot  
  54  4:36  Zealot  
  54  4:37  Observer  
  57  5:02  Pylon  
  57  5:04  Forge  
  57  5:05  Immortal, Dark Templar x4  
  65  5:09  Archon x2  
  65  5:15  Pylon x2  
  69  5:22  Pylon  
  69  5:23  Protoss Ground Weapons Level 1  
  65  5:45  Dark Templar x4  
  73  5:55  Immortal  
  75  6:05  Gateway  
  75  6:07  Gateway  
  75  6:09  Gateway  
  75  6:11  Archon  
  75  6:12  Gateway  
  75  6:17  Dark Templar  
  77  6:21  Archon  
  77  6:25  Immortal  
  77  6:32  Pylon  
  77  6:33  Pylon  
  77  6:50  Sentry x3  
  83  7:04  Zealot x3  
  83  7:05  Zealot  
  83  7:07  Pylon  
  87  7:09  Pylon  
  87  7:10  Pylon  
  87  7:13  Zealot x3, Sentry  
  95  7:19  Immortal  
  99  7:28  Protoss Ground Weapons Level 2  
  99  7:34  Sentry x2, Zealot x2  
  99  7:35  Zealot x3  
  113  7:58  Sentry x2  
  113  7:59  Zealot x4  
  113  8:05  Pylon  
  125  8:06  Pylon  
  125  8:07  Pylon  
  125  8:36  Zealot x6  
  125  8:37  Zealot x2  
  102  8:57  Sentry x4, Zealot  
  102  8:58  Zealot x2  
  88  9:20  Zealot x4  
  88  9:21  Zealot x2  
  84  9:29  Zealot x2  
Tags
 
Add a new tag
Caveats
  • Supply blocks, unpowered buildings, or Contaminate may cause inaccurate times.
  • Supply counts are checked every 10 seconds.